AoeStats
← Vegeta

Arena

506159453Analyzed
4v4 RM · 20d ago on Sep 12, 2026· 41m 31s· 8 players
Game mode
Random Map
Map size
Large (8 player)
Population
200
Speed
Normal
Resources
Standard
Victory
Conquest
Starting age
Dark Age
Ending age
Imperial Age
RankedLock teamsTeams togetherTeam positionsShared explorationLock speedFull tech treeHidden civsTurbo modeCheats
Victory
Defeat
🇹🇼 Slavs · Taiwan
1754
+16
🇸🇬 Dravidians · Singapore
1720
+17
🇲🇴 Italians · Macao SAR China
1704
+18
🇹🇼 Vietnamese · Taiwan
1679
+19
🇨🇿 Persians · Czechia
1841
-21
🇨🇿 Britons · Czechia
1793
-19
🇨🇿 Persians · Czechia
1689
-15
🇨🇿 Malians · Czechia
1688
-15
Vegeta
10:07 Feudal Age
13:40 Castle Age
11:40 Double-Bit Axe
11:43 Horse Collar
15:08 Bow Saw
20:25 Wheelbarrow
22:27 Hand Cart
23:57 Gold Mining
28:08 Imperial Age
25:25 Loom
26:11 Town Watch
26:28 Scale Mail Armor
26:30 Heavy Plow
27:20 Squires
27:52 Chain Mail Armor
27:40 Pikeman
28:06 Arson
29:27 Plate Mail Armor
29:08 Forging
28:19 Halberdier
30:40 Two-Man Saw
30:25 Wootz Steel
30:26 Conscription
31:11 Two-Man Saw
31:37 Guilds
32:35 Stone Mining
34:42 Iron Casting
34:13 Town Patrol
35:51 Coinage
36:24 Blast Furnace
小蜜蜂
11:14 Feudal Age
14:49 Castle Age
12:41 Double-Bit Axe
13:41 Horse Collar
15:49 Bow Saw
15:40 Heavy Plow
18:39 Wheelbarrow
21:18 Hand Cart
24:09 Gold Mining
24:10 Stone Mining
28:01 Imperial Age
25:57 Detinets
26:09 Scale Barding Armor
26:51 Forging
27:39 Gold Shaft Mining
26:59 Loom
28:20 Chain Barding Armor
28:36 Iron Casting
28:14 Bloodlines
28:04 Husbandry
28:28 Elite Boyar
30:30 Plate Barding Armor
32:03 Crop Rotation
33:28 Blast Furnace
32:51 Fletching
34:19 Coinage
36:00 Conscription
35:52 Siege Engineers
35:44 Bodkin Arrow
36:14 Caravan
36:53 Town Watch
37:11 Padded Archer Armor
36:55 Capped Ram
38:03 Siege Ram
39:19 Masonry
40:54 Scale Mail Armor
40:55 Druzhina
41:00 Squires
游樂比(ULB)
10:49 Feudal Age
14:52 Castle Age
12:59 Double-Bit Axe
13:25 Horse Collar
15:49 Bow Saw
16:27 Heavy Plow
22:59 Wheelbarrow
28:52 Imperial Age
26:21 Gold Mining
26:24 Stone Mining
26:22 Loom
26:49 Fletching
27:28 Bodkin Arrow
28:15 Ballistics
28:25 Padded Archer Armor
29:14 Thumb Ring
29:58 Stone Shaft Mining
29:38 Bracer
30:42 Chemistry
31:15 Elite Rattan Archer
34:20 Two-Man Saw
33:52 Crop Rotation
34:28 Leather Archer Armor
35:19 Hand Cart
34:50 Town Watch
36:04 Ring Archer Armor
37:31 Caravan
38:49 Squires
39:35 Paper Money
40:13 Scale Mail Armor
39:38 Pikeman
raybb9429
10:36 Feudal Age
14:39 Castle Age
12:58 Double-Bit Axe
13:44 Horse Collar
15:52 Bow Saw
16:08 Heavy Plow
19:48 Town Watch
22:13 Wheelbarrow
21:42 Loom
22:37 Gold Mining
27:29 Imperial Age
25:18 Fletching
25:30 Padded Archer Armor
25:55 Bodkin Arrow
27:07 Leather Archer Armor
28:03 Ballistics
28:31 Bracer
28:53 Elite Genoese Crossbowman
31:11 Chemistry
31:24 Thumb Ring
34:17 Conscription
35:04 Caravan
35:41 Silk Road
37:33 Ring Archer Armor
36:49 Elite Skirmisher
DanielCZ
9:43 Feudal Age
8:35 Loom
13:21 Castle Age
12:15 Double-Bit Axe
14:29 Bow Saw
20:50 Horse Collar
24:46 Wheelbarrow
26:21 Heavy Plow
30:32 Imperial Age
29:15 Fletching
30:12 Bodkin Arrow
29:59 Elite Skirmisher
30:42 Padded Archer Armor
31:43 Forging
32:02 Masonry
32:42 Hand Cart
32:36 Gold Mining
33:41 Iron Casting
33:08 Squires
33:28 Scale Mail Armor
33:29 Elite Gbeto
34:53 Scale Barding Armor
34:35 Light Cavalry
35:44 Bloodlines
36:42 Chain Mail Armor
36:48 Fortified Wall
38:20 Chemistry
37:59 Architecture
38:08 Conscription
39:22 Leather Archer Armor
39:08 Guard Tower
Leres
10:29 Feudal Age
14:02 Castle Age
11:58 Double-Bit Axe
12:13 Horse Collar
14:39 Heavy Plow
14:49 Bow Saw
20:31 Wheelbarrow
19:42 Loom
21:20 Gold Mining
23:38 Caravan
26:06 Gold Shaft Mining
28:31 Imperial Age
25:47 Town Watch
26:09 Scale Barding Armor
26:08 Stone Mining
26:55 Hand Cart
27:25 Chain Barding Armor
27:32 Forging
29:11 Conscription
29:27 Plate Barding Armor
29:07 Elite War Elephant
30:55 Iron Casting
31:53 Two-Man Saw
31:32 Bloodlines
31:26 Husbandry
32:57 Blast Furnace
33:58 Fletching
34:33 Citadels
35:47 Bodkin Arrow
36:14 Ballistics
38:02 Masonry
39:32 Arson
Antymon
10:24 Feudal Age
11:31 Double-Bit Axe
14:04 Castle Age
12:06 Horse Collar
15:08 Bow Saw
14:59 Heavy Plow
19:46 Wheelbarrow
21:52 Hand Cart
23:32 Gold Mining
23:32 Stone Mining
27:30 Imperial Age
25:47 Fletching
26:48 Bodkin Arrow
28:05 Ballistics
28:19 Bracer
29:20 Chemistry
29:26 Caravan
30:42 Yeomen
31:03 Elite Longbowman
36:14 Conscription
36:34 Padded Archer Armor
36:48 Scale Mail Armor
36:59 Forging
37:08 Pikeman
37:49 Squires
39:55 Siege Engineers
39:33 Halberdier
41:01 Warwolf
Tarbiczek
3:26 Loom
11:39 Feudal Age
12:11 Double-Bit Axe
12:06 Horse Collar
15:11 Castle Age
16:23 Bow Saw
16:43 Heavy Plow
20:16 Wheelbarrow
21:57 Hand Cart
22:09 Stone Mining
22:12 Gold Mining
23:14 Stone Mining
26:52 Imperial Age
25:03 Scale Barding Armor
25:18 Forging
25:45 Gold Shaft Mining
25:46 Stone Shaft Mining
26:05 Stone Shaft Mining
26:29 Chain Barding Armor
26:54 Bloodlines
26:44 Husbandry
26:28 Cavalier
28:17 Plate Barding Armor
29:45 Conscription
29:29 Savar
31:26 Fletching
32:13 Iron Casting
32:46 Caravan
34:17 Scale Mail Armor
35:18 Chain Mail Armor
35:05 Squires
34:25 Pikeman
35:17 Halberdier
36:32 Plate Mail Armor
36:01 Loom
38:02 Blast Furnace
39:02 Fletching
39:37 Ballistics
40:17 Chemistry
40:11 Masonry
40:40 Bodkin Arrow
41:03 Town Watch
42:20 Two-Man Saw
41:51 Crop Rotation
Connection lost

Rejoining the realm…

Still unreachable

The connection could not be restored.

Session expired

The server has moved on; the page needs a fresh start.